 Dungeon Crawl Stone Soup version 0.30.1 (webtiles) character file.

Game seed: 7516821119772153348

211 Graphine the Ruffian (level 5, -2/49 HPs)
             Began as a Troll Transmuter on July 5, 2023.
             Succumbed to Terence's poison
             ... on level 2 of the Dungeon.
             The game lasted 00:02:19 (1312 turns).

Graphine the Ruffian (Troll Transmuter)             Turns: 1312, Time: 00:02:20

Health: -2/49      AC:  5    Str: 18    XL:     5   Next: 57%
Magic:  6/6        EV: 10    Int: 11    God:
Gold:   89         SH:  0    Dex: 10    Spells: 6/7 levels left

rFire   . .          .
                       - Unarmed
rCold   . . .        (no shield)
rNeg    . . .        a - +0 robe
rPois   .            (helmet restricted)
rElec   .            f - +0 cloak
rCorr   .            (gloves unavailable)
SInv    .            (boots unavailable)
Will    .....        (no amulet)
Stlth   +            (no ring)
HPRegen 1.08/turn    (no ring)
MPRegen 0.10/turn

%: no passive effects
@: lethally poisoned (-2 -> -17)
A: large, unfitting armour, claws 3, regeneration 1, shaggy fur 1, tough skin 1
a: no special abilities


You were on level 2 of the Dungeon.
You visited 1 branch of the dungeon, and saw 2 of its levels.

You collected 89 gold pieces.

Inventory:

Armour
 a - a +0 robe (worn)
 f - a +0 cloak (worn)
Scrolls
 c - 2 scrolls of identify {unknown}
 d - a scroll of magic mapping {unknown}
 g - a scroll of blinking {unknown}
 j - 2 scrolls of torment {unknown}
Potions
 b - a potion of lignification
 e - 2 potions of attraction {unknown}
 h - a potion of mutation {unknown}
 i - a potion of degeneration {unknown}
 k - a potion of curing {unknown}


   Skills:
 + Level 1.8 Fighting
 + Level 2.4 Dodging
 * Level 4.3 Unarmed Combat
 + Level 1.8 Spellcasting
 + Level 2.2 Transmutations


You had 6 spell levels left.
You knew the following spells:

 Your Spells              Type           Power      Damage    Failure   Level
a - Beastly Appendage     Tmut           10%        N/A       12%         1

Your spell library contained the following spells:

 Spells                   Type           Power      Damage    Failure   Level
 Wereblood                Tmut           5%         N/A       19%         2
 Slow                     Hex            4%         N/A       30%         1
 Sublimation of Blood     Necr           1%         N/A       41%         2
 Spider Form              Tmut/Pois      3%         N/A       50%         3
 Confusing Touch          Hex            1%         N/A       65%         3
 Vampiric Draining        Necr           1%         2d6       65%         3
 Ice Form                 Ice/Tmut       3%         N/A       88%         4
 Summon Hydra             Summ           0%         N/A       100%        7


Dungeon Overview and Level Annotations

Branches:
Dungeon (2/15)

Altars:

Annotations:
D:2 Terence


Innate Abilities, Weirdness & Mutations

You are too large for most types of armour.
You have claws for hands.
Your natural rate of healing is unusually fast.
You are covered in fur. (AC +1)
You have tough skin. (AC +1)


Message History

Terence drinks a potion.
Terence suddenly seems more resistant.
Terence closely misses you.
Terence hits you with a +1 trident of venom!
You are poisoned.
You scratch Terence but do no damage.
You feel very sick.
Terence hits you with a +1 trident of venom.
You barely miss Terence.
You feel very sick.
Terence hits you with a +1 trident of venom.
You are more poisoned.
You scratch Terence.
Terence is moderately wounded.
You feel very sick. Terence barely misses you.
You barely miss Terence.
Terence is moderately wounded.
You feel very sick. Terence barely misses you.
You scratch Terence.
Terence is heavily wounded.
You feel very sick. Terence hits you but does no damage.
You are more poisoned.
You barely miss Terence.
Terence is heavily wounded.
You feel very sick.
Terence hits you with a +1 trident of venom.
* * * LOW HITPOINT WARNING * * *
You scratch Terence.
Terence is severely wounded.
* * * LOW HITPOINT WARNING * * *
You feel very sick. Terence barely misses you.
Okay, then.
Terence attacks as you move away!
Terence hits you with a +1 trident of venom.
* * * LOW HITPOINT WARNING * * *
You are more poisoned.
You die...

.... . ....######.
##........ #........#
#........+ #.....Sg.#
#@# #.# #@# #.# #.#
####'#####.#
#.......##.# #.......
#.......##.# #.......
#.......##.# #.......
#.......##.# #.......
#.......##.# #.......
#.......##.###.......


You could see Terence (resistant), an adder and a goblin.

Vanquished Creatures
  Sigmund (D:2)
  An adder (D:2)
  2 dart slugs
  A bat (D:1)
  5 endoplasms
  A giant cockroach (D:2)
  2 hobgoblins
  2 jackals (D:2)
  3 ball pythons
  3 frilled lizards
  6 goblins
  5 kobolds
  7 rats
39 creatures vanquished.

Notes
Turn   | Place    | Note
-------+----------+-------------------------------------------
     0 | D:1      | Graphine the Troll Transmuter began the quest for the Orb.
     0 | D:1      | Reached XP level 1. HP: 18/18 MP: 1/1
   174 | D:1      | Reached XP level 2. HP: 24/26 MP: 2/2
   183 | D:1      | Reached skill level 1 in Fighting
   901 | D:1      | Found a faded altar of an unknown god.
   926 | D:2      | Reached XP level 3. HP: 33/33 MP: 4/4
  1128 | D:2      | Noticed Sigmund
  1145 | D:2      | Killed Sigmund
  1146 | D:2      | Reached skill level 4 in Unarmed Combat
  1146 | D:2      | Reached XP level 4. HP: 25/42 MP: 5/5
  1146 | D:2      | Reached XP level 5. HP: 30/49 MP: 6/6
  1299 | D:2      | Noticed Terence
  1312 | D:2      | Succumbed to Terence's poison

Illustrated notes

Levels and vault maps discovered:
D:1:      dpeg_arrival_pond, layout_basic,
          dreamdust_ecumenical_altar_sealed_demon, solitary_fountain
D:2:      layout_basic, grunt_decor_resistance, grunt_ministairs_8,
          dreamdust_princess_corridor, uniq_terence, uniq_sigmund

Skill      XL: |  1  2  3 |
---------------+----------+-----
Fighting       | 1 |  1.8
Dodging        | 2 |  2.4
Unarmed Combat | 4 |  4.3
Transmutations | 2 |  2.2
Spellcasting   | |  1.8

Action                     |  1- 3 |  4- 6 || total
---------------------------+-------+-------++-------
  Melee: Unarmed           |    77 |    23 ||   100
         Punch             |     2 |       ||     2
   Stab: Sleeping          |     4 |       ||     4
 Armour: Robe              |    21 |     8 ||    29
  Dodge: Dodged            |    25 |    10 ||    35
